Map: Eternal Empire LE

Players

ExpecT

  • Race: Terran Terran
  • Spawn Location: 7:00

Nice - Winner!

  • Race: Protoss Protoss
  • Spawn Location: 1:00

Event: DreamHack SC2 Masters 2020 Summer TwHkMoJp

VOD

Have the link to the VOD?

Description

Time

  • Played on: June 24, 2020, 8:29 a.m.
  • Length: 10:27

All games in this series

Show
View Real Time Build Order
Export as new Build Order

ExpecT Terran 

Build Orders: Reaper Expand 

Get SALT Encoding   

  12  0:00  SCV  
  13  0:12  SCV  
  14  0:17  Supply Depot  
  14  0:24  SCV  
  15  0:38  SCV  
  15  0:40  Barracks  
  16  0:43  Refinery  
  16  0:50  SCV  
  17  1:02  SCV  
  18  1:15  SCV  
  19  1:27  Orbital Command  
  19  1:29  Reaper  
  20  1:43  Command Center  
  20  1:53  SCV  
  21  1:55  Supply Depot  
  21  2:01  Marine  
  21  2:08  Factory  
  22  2:12  SCV  
  23  2:18  Refinery  
  23  2:20  Barracks Reactor  
  23  2:24  SCV  
  24  2:38  SCV  
  24  2:50  SCV  
  25  2:53  Hellion  
  25  2:55  Starport  
  27  3:00  Marine, Bunker  
  27  3:01  Marine  
  27  3:02  SCV  
  30  3:06  Orbital Command  
  30  3:15  Hellion  
  32  3:22  SCV  
  30  3:29  Marine x2  
  30  3:34  SCV x2  
  33  3:36  Hellion  
  33  3:39  Medivac  
  38  3:47  Marine x2  
  40  3:49  SCV x2  
  42  3:59  Supply Depot, Barracks  
  42  4:00  Factory Tech Lab  
  42  4:06  SCV x2  
  44  4:12  Marine  
  44  4:13  Starport Tech Lab, Marine  
  46  4:20  SCV x2  
  46  4:21  Engineering Bay  
  48  4:25  Siege Tank  
  51  4:31  Supply Depot  
  51  4:35  SCV  
  51  4:36  SCV  
  51  4:46  Marine x2  
  51  4:51  SCV  
  54  4:53  SCV  
  54  4:58  Stimpack  
  53  5:01  Marauder  
  53  5:03  SCV  
  53  5:04  Marine x2  
  53  5:05  SCV  
  55  5:07  Terran Infantry Weapons Level 1  
  55  5:10  Supply Depot  
  55  5:15  SCV  
  55  5:16  Starport Reactor  
  55  5:17  SCV  
  55  5:26  Missile Turret, Barracks  
  55  5:28  SCV, Missile Turret  
  56  5:29  SCV  
  56  5:30  Marine  
  56  5:31  Marine  
  56  5:35  Marauder  
  61  5:37  Supply Depot  
  61  5:40  SCV  
  61  5:41  SCV  
  58  5:52  Command Center  
  58  5:53  SCV  
  58  5:54  SCV  
  60  6:00  Supply Depot, Marine x2  
  60  6:01  Marauder  
  60  6:02  Medivac x2  
  68  6:08  SCV x2  
  68  6:09  Refinery  
  67  6:18  Marine x2  
  67  6:21  SCV x2  
  67  6:22  Marauder, Supply Depot  
  67  6:24  Combat Shield  
  67  6:25  Marauder  
  75  6:33  SCV x2  
  75  6:45  Marine x2, SCV  
  75  6:46  Marauder x2, SCV  
  82  6:50  Concussive Shells  
  82  6:53  Barracks  
  82  6:55  Barracks  
  82  6:57  Missile Turret  
  82  6:58  Refinery, SCV  
  83  7:03  Orbital Command  
  83  7:06  Terran Infantry Armor Level 1  
  83  7:12  SCV x2  
  83  7:18  Factory Reactor  
  83  7:22  Starport  
  82  7:24  SCV x2  
  84  7:32  Medivac x2  
  84  7:34  Orbital Command  
  84  7:36  SCV x2  
  85  7:45  Barracks Reactor  
  85  7:46  Barracks Tech Lab  
  85  7:47  Marauder x2, Marine x2  
  85  7:48  SCV  
  85  7:50  SCV  
  93  7:51  Ghost Academy  
  93  8:00  SCV  
  93  8:01  SCV  
  93  8:02  SCV  
  96  8:12  Viking x3  
  96  8:13  SCV x2, Viking  
  96  8:14  Marine x3, SCV  
  96  8:15  Marine  
  104  8:25  Supply Depot, SCV x2  
  104  8:26  Supply Depot, SCV  
  107  8:29  Armory  
  107  8:31  Refinery, Engineering Bay  
  107  8:37  SCV x2  
  107  8:39  Refinery  
  109  8:47  Marauder x2, Marine x4  
  109  8:48  Marauder  
  119  8:50  Supply Depot  
  119  8:51  Supply Depot  
  119  8:54  Enhanced Shockwaves  
  118  9:00  SCV x2  
  120  9:09  Viking x3  
  125  9:11  Viking  
  119  9:27  Marine  
  119  9:28  Marauder x3, Marine x2  
  119  9:31  SCV x2  
  130  9:34  Orbital Command  
  129  9:41  Viking  
  129  9:42  Viking  
  126  9:53  Viking  
Show
View Real Time Build Order
Export as new Build Order

Nice Protoss - Winner!

Build Orders: 1 Gate Expand, Phoenix Opening, Mass Phoenix, Colossus Rush 

Get SALT Encoding   

  12  0:03  Probe  
  13  0:15  Probe  
  13  0:19  Pylon  
  14  0:27  Probe  
  15  0:35  Probe  
  15  0:38  Gateway  
  16  0:43  Probe  
  16  0:49  Assimilator  
  17  0:53  Probe  
  18  1:05  Probe  
  19  1:18  Probe  
  20  1:26  Nexus  
  20  1:37  Cybernetics Core  
  21  1:40  Probe  
  21  1:43  Assimilator  
  21  1:50  Pylon  
  21  1:52  Probe  
  22  2:03  Adept  
  22  2:04  Probe  
  25  2:16  Probe  
  25  2:22  Stargate  
  26  2:28  Probe  
  27  2:33  Adept  
  29  2:40  Probe x2  
  31  2:48  Probe x2  
  31  2:51  Warp Gate  
  31  2:56  Probe x2  
  33  3:00  Phoenix  
  33  3:03  Adept  
  37  3:08  Probe x2  
  37  3:11  Pylon  
  41  3:20  Probe  
  41  3:22  Probe  
  43  3:29  Phoenix  
  43  3:32  Probe  
  46  3:35  Probe  
  46  3:40  Robotics Facility  
  47  3:44  Probe  
  47  3:47  Probe  
  49  3:49  Assimilator x2  
  49  3:54  Shield Battery  
  49  3:56  Phoenix  
  49  3:57  Shield Battery, Probe  
  49  4:01  Probe  
  53  4:04  Pylon  
  53  4:09  Probe  
  54  4:13  Phoenix  
  54  4:14  Pylon  
  54  4:22  Probe x2  
  54  4:24  Pylon  
  58  4:33  Phoenix  
  58  4:34  Probe x2  
  60  4:39  Adept  
  62  4:51  Phoenix  
  62  5:01  Gateway  
  62  5:04  Gateway  
  62  5:10  Observer  
  62  5:11  Robotics Bay  
  63  5:15  Probe x2  
  63  5:21  Phoenix  
  67  5:25  Nexus, Probe  
  67  5:26  Pylon  
  67  5:27  Zealot  
  67  5:28  Probe  
  71  5:33  Probe  
  71  5:40  Probe  
  73  5:43  Colossus  
  73  5:46  Phoenix  
  76  5:52  Shield Battery  
  76  5:57  Probe  
  76  5:59  Extended Thermal Lance  
  76  6:02  Probe  
  83  6:09  Sentry, Probe  
  86  6:21  Pylon  
  86  6:23  Pylon  
  86  6:28  Pylon  
  86  6:37  Phoenix, Probe x2  
  90  6:42  Sentry x2, Colossus, Zealot  
  96  6:49  Probe x3  
  96  6:51  Assimilator  
  96  6:54  Assimilator  
  99  6:55  Pylon x2  
  105  7:02  Phoenix  
  105  7:06  Gateway  
  105  7:07  Zealot x3  
  105  7:08  Gateway  
  113  7:18  Probe x3  
  113  7:21  Gateway  
  116  7:24  Colossus, Pylon  
  116  7:27  Phoenix  
  118  7:30  Probe  
  119  7:39  Probe x2  
  119  7:42  Probe  
  128  7:46  Forge  
  128  7:48  Twilight Council  
  128  7:51  Probe  
  128  7:52  Phoenix, Probe  
  129  8:16  Colossus  
  129  8:17  Phoenix  
  131  8:20  Zealot x5  
  131  8:25  Nexus  
  131  8:26  Pylon  
  147  8:27  Pylon  
  147  8:33  Charge  
  147  8:42  Sentry  
  147  8:46  Pylon  
  147  8:47  Sentry x3, Pylon  
  147  8:48  Zealot x2  
  159  8:49  Pylon  
  159  9:01  Nexus, Pylon  
  159  9:04  Phoenix, Pylon  
  159  9:21  Phoenix  
  159  9:23  Stalker  
  159  9:24  Stalker x5  
  165  9:26  Gateway  
  171  9:33  Colossus  
  171  9:38  Probe x3  
  180  9:39  Probe  
  181  9:53  Phoenix  
  181  9:55  Stalker x4  
  181  9:56  Stalker x2  
Tags
 
Add a new tag
Caveats
  • Supply blocks, unpowered buildings, or Contaminate may cause inaccurate times.
  • Supply counts are checked every 10 seconds.